 Dungeon Crawl Stone Soup version 0.31-a0-521-gc7390f8997 (webtiles) character file.

Game seed: 9746977086798403288

30 Shayle the Ruffian (level 3, 0/49 HPs)
             Began as an Ogre Shapeshifter on Aug 11, 2023.
             Succumbed to an adder's poison
             ... on level 2 of the Dungeon.
             The game lasted 00:04:59 (681 turns).

Shayle the Ruffian (Ogre Shapeshifter)               Turns: 681, Time: 00:04:59

Health: 0/49       AC: 21    Str: 19    XL:     3   Next: 20%
Magic:  4/4        EV:  1    Int: 11    God:
Gold:   75         SH:  0    Dex:  9    Spells: 4/4 levels left

rFire   . .          .
                       - Unarmed
rCold   . . .        (no shield)
rNeg    . . .        a - melded +0 animal skin
rPois   +            (helmet currently unavailable)
rElec   .            (cloak currently unavailable)
rCorr   .            (gloves unavailable)
SInv    .            (boots unavailable)
Will    .....        (no amulet)
Stlth   +            (no ring)
HPRegen 0.28/turn    (no ring)
MPRegen 0.09/turn

%: random rage (3%)
@: lethally poisoned (0 -> -8), tree-form
A: stationary, stasis, torment immunity, boosted hp, large, unfitting armour,
(tough skin 1), (camouflage 1), berserk 1, (poison resistance)
a: no special abilities


You were on level 2 of the Dungeon.
You were a tree.
You visited 1 branch of the dungeon, and saw 2 of its levels.

You collected 75 gold pieces.

Inventory:

Armour
 a - a +0 animal skin (melded)
Jewellery
 i - an amulet of reflection
Talismans
 c - a beast talisman
 d - a flux talisman
Scrolls
 e - a scroll of revelation {unknown}
 f - a scroll of enchant weapon {unknown}
 g - a scroll of fog {unknown}
 h - 2 scrolls of identify {unknown}
 k - a scroll of blinking {unknown}
 l - a scroll of noise {unknown}
 m - a scroll of vulnerability {unknown}
Potions
 j - a potion of mutation


   Skills:
 - Level 1.3 Fighting
 + Level 2.1 Dodging
 * Level 3.2 Unarmed Combat
 + Level 1.2 Spellcasting
 + Level 3.1 Shapeshifting


You had 4 spell levels left.
You didn't know any spells.
Your spell library was empty.

Dungeon Overview and Level Annotations

Branches:
Dungeon (2/15)

Altars:


Innate Abilities, Weirdness & Mutations

You are a tree.
Your roots penetrate the ground, keeping you stationary.
You cannot be teleported.
You are immune to unholy pain and torment.
Your maximum health is greatly increased.
Your equipment is partially melded.
You are too large for most types of armour.
((You have tough skin. (AC +1)))
((Your skin changes colour to match your surroundings (Stealth+).))
You sometimes lose your temper in combat.
((Your system is resistant to poisons. (rPois)))


Message History

It was a potion of mutation.
You feel extremely strange.
You feel a little pissed off.
Your skin functions as natural camouflage.
You feel resistant to poisons.
You feel sick.
A kobold comes into view. It is wielding a +0 whip.
The adder bites you but does no damage.
You closely miss the adder.
The adder is lightly wounded.
You feel sick. The adder bites you but does no damage.
You closely miss the adder.
The adder is lightly wounded.
You feel sick. The adder bites you.
* * * LOW HITPOINT WARNING * * *
You are lethally poisoned!
The adder poisons you! The adder bites you.
* * * LOW HITPOINT WARNING * * *
Your transformation has ended.
You turn into a tree.
Your +0 animal skin melds into your body.
Your roots penetrate the ground.
* * * LOW HITPOINT WARNING * * *
You feel sick. The adder bites you.
* * * LOW HITPOINT WARNING * * *
You are more poisoned.
The adder poisons you!
You hit the adder but do no damage.
The adder is lightly wounded.
* * * LOW HITPOINT WARNING * * *
You feel very sick. The adder bites you but does no damage.
Unknown command.
You barely miss the adder.
The adder is lightly wounded.
* * * LOW HITPOINT WARNING * * *
You feel sick. The adder bites you but does no damage.
Unknown command.
You hit the adder.
The adder is heavily wounded.
You die...

.. #..###### ......#
###...# ###_###♣#
#8...8#S# ...
#.###.#.## #### ...
#.#5#.#K[## .....
...
#.###.#...#$....g
#..#8...8#.#........
#..###'###....#.....
#....P.P....### ..S.
#.............# # #


You could see an adder and a kobold.

Vanquished Creatures
  4 bats (D:1)
  4 endoplasms
  2 giant cockroaches
  4 goblins
  3 hobgoblins
  A quokka (D:1)
  3 ball pythons (D:1)
  2 frilled lizards
  A kobold (D:1)
  4 rats
28 creatures vanquished.

Notes
Turn   | Place    | Note
-------+----------+-------------------------------------------
     0 | D:1      | Shayle the Ogre Shapeshifter began the quest for the Orb.
     0 | D:1      | Reached XP level 1. HP: 19/19 MP: 1/1
    85 | D:1      | Reached XP level 2. HP: 24/27 MP: 2/2
   318 | D:1      | Reached skill level 1 in Spellcasting
   494 | D:1      | Reached XP level 3. HP: 29/33 MP: 4/4
   644 | D:2      | Found a faded altar of an unknown god.
   675 | D:2      | Gained mutation: You sometimes lose your temper in combat.
                  | [potion of mutation]
   675 | D:2      | Gained mutation: Your skin changes colour to match your
                  | surroundings (Stealth+). [potion of mutation]
   675 | D:2      | Gained mutation: Your system is resistant to poisons.
                  | (rPois) [potion of mutation]
   680 | D:2      | HP: 2/49 [poisoned by an adder]
   681 | D:2      | Succumbed to an adder's poison

Illustrated notes

Levels and vault maps discovered:
D:1:      dpeg_arrival_tiny_h, layout_rooms
D:2:      layout_rooms, dreamdust_ecumenical_altar_sealed_demon

Skill      XL: |  1  2 |
---------------+-------+-----
Dodging        | 2 |  2.1
Unarmed Combat | 3 |  3.2
Spellcasting   | 1 |  1.2
Fighting       | |  1.3
Shapeshifting  | |  3.1

Action                     || total
---------------------------++-------
  Melee: Unarmed           ||    82
    Use: Potion            ||     2
 Armour: Animal skin       ||    35
         Skin              ||     2
  Dodge: Dodged            ||    31

Table legend: (Time is in decaauts)
 A = Elapsed time spent in this place.
 B = Non-inter-level travel time spent in this place.
 C = Inter-level travel time spent in this place.
 D = Time resting spent in this place.
 E = Time spent auto-exploring this place.
 F = Levels seen in this place.
 G = Mean time per level.
                   A        B        C        D        E       F      G
               +--------+--------+--------+--------+--------+-----+--------+
         Total |    676 |    661 |     15 |      0 |    387 |   2 |  338.0 |
       Dungeon |    676 |    661 |     15 |      0 |    387 |   2 |  338.0 |
               +--------+--------+--------+--------+--------+-----+--------+

Top non-repeatable levels by time:
     D:1: 554 daAuts
     D:2: 122 daAuts
